 Dungeon Crawl Stone Soup version 0.30-a0-808-g6e0788376e (webtiles) character file.

Game seed: 10044908463191584873

152649 jasper the Cruncher (level 17, -6/143 HPs)
             Began as a Demonspawn Wanderer on Feb 25, 2023.
             Was the Champion of Cheibriados.
             Killed from afar by a salamander tyrant (37 damage)
             ... with a flame surge
             ... on level 4 of the Snake Pit.
             The game lasted 01:13:10 (35028 turns).

jasper the Cruncher (Demonspawn Wanderer)          Turns: 35028, Time: 01:13:11

Health: -6/143     AC: 18    Str: 30    XL:     17   Next: 3%
Magic:  0/26       EV: 21    Int: 35    God:    Cheibriados [******]
Gold:   172        SH:  0    Dex: 31    Spells: 1/24 levels left

rFire   . . .      SeeInvis .    W - +2 lajatang (distort)
rCold   + . .      Faith    .    (shield currently unavailable)
rNeg    . . .      Spirit   +    c - quicksilver dragon scales
rPois   +          Reflect  .    s - +2 helmet
rElec   .          Harm     .    w - scarf {repulsion}
rCorr   .          Rampage  .    R - +0 pair of gloves
Will    ++...                    (boots unavailable)
Stlth   ++                       p - amulet of regeneration
HPRegen 1.23/turn                U - ring of protection from cold
MPRegen 0.40/turn                m - ring of poison resistance

@: about to teleport, weakened, repel missiles, very slow
A: hooves 3, icemail 2, robust 1, magic shield, magic regeneration, big brain 2,
condensation shield
a: Renounce Religion, Bend Time, Temporal Distortion, Slouch, Step From Time


You were on level 4 of the Snake Pit.
You worshipped Cheibriados.
Cheibriados was exalted by your worship.
You visited 5 branches of the dungeon, and saw 27 of its levels.
You also visited: Sewer and Ice Cave.

You collected 3930 gold pieces.
You spent 3758 gold pieces at shops.

Inventory:

Hand Weapons
 a - a +3 spectral quarterstaff
 b - a +0 sling
 W - a +2 lajatang of distortion (weapon)
Missiles
 n - 18 boomerangs
 v - 51 poisoned darts
 S - 12 javelins
 V - 16 curare-tipped darts
Armour
 c - quicksilver dragon scales (worn)
 s - a +2 helmet (worn)
 w - a scarf of repulsion (worn)
 R - a +0 pair of gloves (worn)
 Z - a +2 scale mail of fire resistance
Jewellery
 f - a ring of fire
 m - a ring of poison resistance (right hand)
 p - an amulet of regeneration (around neck)
 O - a ring of protection from cold
 Q - a ring of willpower
 U - a ring of protection from cold (left hand)
Wands
 t - a wand of roots (23)
 A - a wand of digging (5)
 E - a wand of quicksilver (6)
 K - a wand of charming (23)
 L - a wand of flame (24)
 N - a wand of polymorph (2)
Scrolls
 d - 18 scrolls of teleportation
 e - 3 scrolls of magic mapping
 o - 9 scrolls of poison
 r - 2 scrolls of fog
 x - 3 scrolls of enchant armour
 D - 4 scrolls of amnesia
 M - 12 scrolls of identify
 P - 2 scrolls of noise
 T - 3 scrolls of immolation
 X - a scroll of vulnerability
Potions
 g - 3 potions of mutation
 h - 5 potions of berserk rage
 i - 14 potions of curing
 j - 5 potions of cancellation
 k - 6 potions of lignification
 l - a potion of invisibility
 q - 3 potions of magic
 u - 8 potions of might
 z - 4 potions of attraction
 B - 3 potions of ambrosia
 C - 5 potions of degeneration
 F - 5 potions of flight
 G - 2 potions of haste
 I - a potion of resistance
 J - 6 potions of brilliance


   Skills:
 + Level 10.8 Fighting
 - Level 14.0 Staves
 - Level 1.0 Ranged Weapons
 + Level 10.5 Armour
 + Level 9.5 Dodging
 - Level 4.0 Spellcasting
 - Level 4.4 Summonings
 - Level 10.0 Necromancy
 - Level 10.3 Translocations
 - Level 5.0 Transmutations
 - Level 9.0 Earth Magic
 - Level 13.0 Invocations


You had one spell level left.
You knew the following spells:

 Your Spells              Type           Power      Damage    Failure   Level
a - Apportation           Tloc           100%       N/A       1%          1
b - Wereblood             Tmut           42%        N/A       1%          2
c - Borgnjor's Vile Clut  Necr/Erth      32%        N/A       3%          5
d - Blink                 Tloc           100%       N/A       1%          2
e - Dragon's Call         Summ           18%        N/A       100%        9
f - Manifold Assault      Tloc           68%        N/A       1%          4

Your spell library contained the following spells:

 Spells                   Type           Power      Damage    Failure   Level
 Beastly Appendage        Tmut           84%        N/A       1%          1
 Necrotise                Necr           100%       1d9       1%          1
 Summon Small Mammal      Summ           100%       N/A       1%          1
 Shock                    Conj/Air       28%        1d4       6%          1
 Lesser Beckoning         Tloc           100%       N/A       1%          2
 Momentum Strike          Conj/Tloc      86%        3d10      1%          2
 Animate Dead             Necr           67%        N/A       1%          4
 Portal Projectile        Hex/Tloc       86%        N/A       2%          3
 Stone Arrow              Conj/Erth      76%        3d11      2%          3
 Call Canine Familiar     Summ           37%        N/A       3%          3
 Animate Armour           Summ/Erth      100%       N/A       3%          4
 Spider Form              Tmut/Pois      24%        N/A       6%          3
 Leda's Liquefaction      Hex/Erth       19%        N/A       10%         4
 Death Channel            Necr           33%        N/A       16%         6
 Frozen Ramparts          Ice            14%        1d3       19%         3
 Ozocubu's Armour         Ice            7%         N/A       19%         3
 Swiftness                Air            7%         N/A       19%         3
 Ice Form                 Ice/Tmut       24%        N/A       22%         4
 Summon Ice Beast         Ice/Summ       22%        N/A       24%         4
 Airstrike                Air            3%         2d(1-17)  52%         4
 Cause Fear               Hex            3%         N/A       52%         4
 Yara's Violent Unravell  Hex/Tmut       12%        3d7       52%         5
 Dragon Form              Tmut           21%        N/A       100%        7
 Enfeeble                 Hex            3%         N/A       100%        7
 Ozocubu's Refrigeration  Ice            3%         4d8       100%        7
 Storm Form               Tmut/Air       12%        N/A       100%        7
 Borgnjor's Revivificati  Necr           33%        N/A       100%        8
 Lehudib's Crystal Spear  Conj/Erth      19%        10d6      100%        8
 Necromutation            Tmut/Necr      28%        N/A       100%        8
 Death's Door             Necr           33%        N/A       100%        9


Dungeon Overview and Level Annotations

Branches:
Dungeon (15/15)            Temple (1/1) D:6            Lair (5/5) D:9
 Shoals (0/4) Lair:3        Snake (4/4) Lair:2        Slime (0/5) Lair:5
    Orc (2/2) D:11            Elf (0/3) Orc:2        Vaults (0/5) D:13
 Depths (0/4) D:15          Sewer (visited)           IceCv (visited)

Altars:
Ashenzari
Cheibriados
Dithmenos
Fedhas
Gozag
Hepliaklqana
Kikubaaqudgha
Makhleb
Nemelex Xobeh
Okawaru
Qazlal
Ru
Sif Muna
Trog
Uskayaw
Vehumet
Wu Jian
Xom
Yredelemnul
Jiyva

Shops:
D:7 !   D:13 (   D:15 (   Orc:1 *   Orc:2 [[(:   Snake:1 *(*[   Snake:2 ?*(*[

Portals:
Trove: D:12 (give 6 potions of haste)

Annotations:
D:1 Natasha
D:7 2 transporters, oldplebian's ghost, novice MiBe
Snake:2 3 runed translucent doors, Ezowk's ghost, adept MiFi
Snake:3 3 runed translucent doors, Newt's ghost, journeyman DsGl
Orc:1 2 transporters
Abyss:1 Aizul; Vashnia


Innate Abilities, Weirdness & Mutations

You have hooves in place of feet.
A meltable icy envelope protects you from harm. (AC +0)
You are robust. (+10% HP)
When hurt, damage is shared between your health and your magic reserves.
You regenerate magic rapidly.
You have an extremely huge brain. (Int +4)
A meltable shield of frost defends you. (SH +0)


Message History

The salamander hits you from afar with a +4 trident!
* * * LOW HITPOINT WARNING * * *
You are engulfed in flames!
* * * LOW HITPOINT WARNING * * *
The salamander hits you but does no damage.
The salamander completely misses you.
You regained 9 hp, and now have 32/143 hp.
You now have 0/26 mp.
As you read the scroll of fear, it crumbles to dust.
You assume a fearsome visage.
The salamander tyrant looks frightened!
The salamander looks frightened! x3
There's nothing to close nearby.
You regained 2 hp, and now have 35/143 hp.
You close the door, pushing everything out of the way.
You regained 2 hp, and now have 37/143 hp.
You regained 2 hp, and now have 39/143 hp.
You regained 3 hp, and now have 42/143 hp.
You regained 2 hp, and now have 44/143 hp.
You regained 2 hp, and now have 46/143 hp.
As you read the scroll of fear, it crumbles to dust.
You assume a fearsome visage.
The salamander tyrant looks frightened!
The salamander looks frightened!
You regained 2 hp, and now have 48/143 hp.
You regained 2 hp, and now have 50/143 hp.
The salamander tyrant seems to regain its courage.
The salamander tyrant rends the earth beneath you!
The blast of magma engulfs you!
* * * LOW HITPOINT WARNING * * *
The salamander tyrant gazes fiercely through you!
You feel as though you will be weak longer.
You take 9 damage, and have 41/143 hp.
You now have 5/26 mp.
The salamander tyrant calls gouts of flame from the lava!
The flame surge hits you!
* * * LOW HITPOINT WARNING * * *
You take 11 damage, and have 30/143 hp.
You now have 4/26 mp.
As you read the scroll of teleportation, it crumbles to dust.
You feel strangely unstable.
The salamander tyrant calls gouts of flame from the lava!
The flame surge hits you!!!
You die...

#........# ###.......#
##.........# .#####..........#
................##
.................#
.....###.........######
.....##.#+##..≈.≈.......
.....#.....#..≈.@.......
.....##...##....≈.......
......#NN.N#.N..####''## #......#
......#)####.N..# .# #......#
......#N#.......# #..!...#
...............#'.... #......#
............)..#..... #......#
......###......#### ### #.......
.....##.##.....[÷<###.####.......


You could see a salamander tyrant and a salamander.

Vanquished Creatures
  Agnes (D:15)
  Kirke (D:15)
  2 nagarajas (Snake:2)
  A reaper (IceCv)
  2 vault guards
  A rakshasa (D:14)
  6 hydras
  4 ogre magi
  An ice dragon (Lair:5)
  Erolcha (Orc:1)
  4 anacondas
  Erica (Lair:2)
  5 boulder beetles
  A catoblepas (Lair:3)
  4 centaur warriors
  A death knight (D:14)
  21 two-headed ogres
  A naga warrior (Snake:1)
  2 death yaks (Lair:4)
  2 tengu warriors (D:13)
  An orc high priest (Orc:1)
  10 shock serpents
  10 naga sharpshooters
  Sonja (D:10)
  A skyshark (Lair:4)
  A salamander mystic (Snake:4)
  Amaemon (Lair:2)
  A flayed ghost (D:15)
  A naga ritualist (Snake:4)
  A lindwurm (Lair:5)
  Pikel (D:5)
  A necromancer (D:15)
  3 mana vipers (Snake:4)
  An orc knight (D:15)
  2 manticores
  10 ugly things
  A deep elf pyromancer (D:13)
  2 wolf spiders (Lair:5)
  An orc sorcerer (D:15)
  8 salamanders
  A fire giant zombie (D:15)
  3 cyclopes
  A fire giant skeleton (D:15)
  A merfolk siren (Lair:3)
  2 ice statues (IceCv)
  5 guardian serpents
  8 elephants
  29 black mambas
  14 naga magi
  A torpor snail (shapeshifter) (D:8)
  11 cane toads
  A gargoyle (D:10)
  2 unseen horrors
  7 torpor snails
  An orange demon (Lair:2)
  An efreet (D:14)
  2 anaconda simulacra (IceCv)
  6 komodo dragons
  2 tengu conjurers (D:15)
  3 rime drakes
  9 trolls
  A guardian mummy (D:15)
  4 ice devils (IceCv)
  A polar bear (Lair:3)
  12 blink frogs
  2 tyrant leeches (Lair:5)
  9 hornets (Lair:5)
  4 dream sheep (Lair:5)
  3 slime creatures (D:12)
  Sigmund (D:6)
  3 shadows
  13 wyverns
  2 wraiths (D:12)
  A vampire (D:12)
  5 dire elephant simulacra (IceCv)
  7 basilisks
  7 hogs (D:15)
  59 yaks
  2 redbacks (Lair:5)
  A hog (shapeshifter) (D:15)
  4 vampire mosquitoes
  A steam dragon (D:9)
  27 nagas
  2 harpy simulacra (IceCv)
  21 water moccasins
  A hydra simulacrum (IceCv)
  18 orc warriors
  3 black bears (D:8)
  3 ice beasts
  3 sky beasts
  4 centaurs
  36 wolves
  24 ogres
  2 kobold brigands (D:8)
  Blork the orc (D:6)
  10 bullfrogs
  2 gnoll sergeants
  A necrophage (D:5)
  A scorpion (D:5)
  11 wights
  19 killer bees (D:9)
  An elephant simulacrum (IceCv)
  A vampire bat (Orc:2)
  3 howler monkeys (D:13)
  6 orc priests
  7 hounds
  5 jellies
  A gnoll bouda (D:6)
  An iguana (D:5)
  14 orc wizards
  A polar bear simulacrum (IceCv)
  A troll simulacrum (IceCv)
  A wolf simulacrum (IceCv)
  11 gnolls
  4 river rats
  9 adders
  2 naga simulacra (IceCv)
  3 shadow imps (D:7)
  An ufetubus (D:5)
  A worm (D:4)
  3 dart slugs
  62 orcs
  11 endoplasms
  6 giant cockroaches
  7 goblins
  12 hobgoblins
  7 quokkas
  11 ball pythons
  17 bats
  3 frilled lizards (Sewer)
  16 kobolds
  9 rats
798 creatures vanquished.

Vanquished Creatures (others)
  13 fungi
  32 plants
45 creatures vanquished.

Grand Total: 843 creatures vanquished

Notes
Turn   | Place    | Note
-------+----------+-------------------------------------------
     0 | D:1      | jasper the Demonspawn Wanderer began the quest for the Orb.
     0 | D:1      | jasper set off with the following items: a +2 quarterstaff,
                  | a +0 sling, a +0 cloak, a scroll of teleportation, a +0
                  | leather armour.
     0 | D:1      | Reached XP level 1. HP: 16/16 MP: 1/1
    58 | D:1      | Gained mutation: You have large cloven feet. [demonic
                  | ancestry]
    58 | D:1      | Reached XP level 2. HP: 8/22 MP: 2/2
    60 | D:1      | Reached skill level 3 in Staves
   354 | D:1      | Reached XP level 3. HP: 28/28 MP: 3/3
   524 | D:2      | Noticed Natasha
  1646 | D:3      | Gained mutation: You have hoof-like feet. [demonic
                  | ancestry]
  1646 | D:3      | Reached XP level 4. HP: 15/34 MP: 4/4
  2322 | D:3      | Found a faded altar of an unknown god.
  2331 | D:3      | Found a faded altar of an unknown god.
  2367 | D:3      | Reached skill level 4 in Staves
  2492 | D:4      | Gained mutation: You regenerate magic rapidly. [demonic
                  | ancestry]
  2492 | D:4      | Reached XP level 5. HP: 41/41 MP: 5/5
  2507 | D:4      | Found Zin's Purification Station.
  2512 | D:4      | Bought 2 potions of curing for 180 gold pieces
  2515 | D:4      | Noticed an ogre
  2527 | D:4      | Killed an ogre
  2607 | D:4      | Found a hazy altar of Hepliaklqana.
  2696 | D:4      | Found a glowing drain.
  2720 | Sewer    | Entered a sewer
  2749 | Sewer    | Reached XP level 6. HP: 47/47 MP: 6/6
  2940 | Sewer    | Reached skill level 5 in Staves
  2958 | Sewer    | Found a viscous altar of Jiyva.
  3591 | D:4      | You fall into a shaft and drop 1 floor!
  3591 | D:5      | Entered Level 5 of the Dungeon
  3667 | D:5      | Gained mutation: You have hooves in place of feet. [demonic
                  | ancestry]
  3667 | D:5      | Reached XP level 7. HP: 53/54 MP: 7/7
  3896 | D:5      | Found the Hermit's Pendant {Faith Invo=14 Evo=0 MP+5}
  4040 | D:5      | Noticed Pikel
  4049 | D:5      | Reached skill level 6 in Staves
  4070 | D:5      | Killed Pikel
  4071 | D:5      | Reached skill level 5 in Fighting
  4071 | D:5      | Gained mutation: You have an unusually large brain. (Int
                  | +2) [demonic ancestry]
  4071 | D:5      | Reached XP level 8. HP: 41/62 MP: 8/8
  4173 | D:5      | Learned a level 1 spell: Apportation
  4271 | D:5      | Reached skill level 7 in Staves
  4650 | D:6      | Reached skill level 5 in Armour
  4653 | D:6      | Learned a level 2 spell: Wereblood
  4693 | D:6      | Noticed Sigmund
  4709 | D:6      | Killed Sigmund
  4747 | D:6      | Identified the +1 dagger "Viestra" {antimagic, *Corrode
                  | Drain Fly rC+++ Str+2}
  4819 | D:6      | Reached skill level 8 in Staves
  5100 | D:6      | Noticed Blork the orc
  5101 | D:6      | Found an opulent altar of Gozag.
  5106 | D:6      | Killed Blork the orc
  5107 | D:6      | Reached XP level 9. HP: 63/69 MP: 9/9
  5212 | D:6      | Found a staircase to the Ecumenical Temple.
  5228 | Temple   | Entered the Ecumenical Temple
  5775 | D:7      | Found Qilack's Distillery.
  5782 | D:7      | Bought a potion of curing for 42 gold pieces
  5846 | D:7      | Reached skill level 9 in Staves
  6185 | D:7      | Learned a level 5 spell: Borgnjor's Vile Clutch
  6371 | D:7      | Noticed oldplebian's ghost (novice MiBe)
  6372 | D:7      | Found a transporter.
  6372 | D:7      | Noticed a moth of wrath
  6372 | D:7      | Found the +2 cloak of the Thief {*Fog Slay-2 SInv Stlth+}
  6401 | D:7      | Found a transporter.
  6500 | D:7      | Gained mutation: A meltable shield of frost defends you.
                  | (SH +0) [demonic ancestry]
  6500 | D:7      | Reached XP level 10. HP: 79/79 MP: 10/10
  6795 | D:7      | Identified a scroll of acquirement
  6795 | D:7      | Acquired 917 gold pieces
  6815 | D:7      | Bought a potion of curing for 42 gold pieces
  6815 | D:7      | Bought a potion of heal wounds for 70 gold pieces
  6815 | D:7      | Bought a potion of resistance for 140 gold pieces
  6815 | D:7      | Bought a potion of heal wounds for 70 gold pieces
  6870 | D:8      | Noticed a purple ugly thing
  6884 | D:8      | Killed a purple ugly thing
  6885 | D:8      | Reached skill level 10 in Staves
  7274 | D:8      | Noticed a two-headed ogre
  7275 | D:8      | a two-headed ogre changed into a glowing shapeshifter
  7275 | D:8      | Noticed a glowing shapeshifter
  7276 | D:8      | a glowing shapeshifter changed into an eye of devastation
  7276 | D:8      | Noticed an eye of devastation (glowing shapeshifter)
  7277 | D:8      | an eye of devastation changed into a glowing shapeshifter
  7277 | D:8      | Noticed a glowing shapeshifter (glowing shapeshifter)
  7277 | D:8      | a glowing shapeshifter changed into an orb spider
  7277 | D:8      | Noticed an orb spider (glowing shapeshifter)
  7278 | D:8      | an orb spider changed into a glowing shapeshifter
  7278 | D:8      | Noticed a glowing shapeshifter (glowing shapeshifter)
  7278 | D:8      | a glowing shapeshifter changed into a floating eye
  7279 | D:8      | a floating eye changed into a glowing shapeshifter
  7279 | D:8      | Noticed a glowing shapeshifter (glowing shapeshifter)
  7279 | D:8      | a glowing shapeshifter changed into a two-headed ogre
  7279 | D:8      | Noticed a two-headed ogre (glowing shapeshifter)
  7280 | D:8      | a two-headed ogre changed into a redback
  7284 | D:8      | a redback changed into a torpor snail
  7284 | D:8      | Noticed a torpor snail (glowing shapeshifter)
  7287 | D:8      | Killed a torpor snail
  7750 | D:8      | Found a bloodstained altar of Trog.
  8295 | D:9      | Noticed a manticore
  8299 | D:9      | Killed a manticore
  8401 | D:9      | Reached skill level 11 in Staves
  8659 | D:9      | Noticed a two-headed ogre
  8669 | D:9      | Killed a two-headed ogre
  8670 | D:9      | Reached XP level 11. HP: 87/87 MP: 11/11
  8673 | D:9      | Found a staircase to the Lair.
  9296 | D:10     | Entered Level 10 of the Dungeon
  9296 | D:10     | Noticed Sonja
  9567 | Temple   | Became a worshipper of Cheibriados the Contemplative
  9678 | Lair:1   | Entered Level 1 of the Lair of Beasts
  9935 | Lair:1   | Reached skill level 12 in Staves
  9969 | Lair:1   | HP: 4/89 [komodo dragon (22)]
 10292 | Lair:1   | Reached * piety under Cheibriados
 10508 | Lair:1   | Reached skill level 13 in Staves
 11101 | Lair:2   | Gained mutation: When hurt, damage is shared between your
                  | health and your magic reserves. [demonic ancestry]
 11101 | Lair:2   | Reached XP level 12. HP: 96/96 MP: 12/12
 11416 | Lair:2   | Found a staircase to the Snake Pit.
 11488 | Lair:2   | Noticed Erica
 11504 | Lair:2   | Killed Erica
 11504 | Lair:2   | Reached ** piety under Cheibriados
 11505 | Lair:2   | Reached skill level 14 in Staves
 11505 | Lair:2   | Reached skill level 1 in Invocations
 11792 | Lair:2   | Noticed Amaemon
 12174 | Lair:2   | Killed Amaemon
 12180 | Lair:2   | Reached *** piety under Cheibriados
 12512 | Lair:3   | Reached skill level 10 in Fighting
 12689 | Lair:3   | Found a staircase to the Shoals.
 12894 | Lair:3   | Noticed a catoblepas
 12903 | Lair:3   | Killed a catoblepas
 12904 | Lair:3   | Reached skill level 5 in Invocations
 12970 | Lair:3   | Noticed a six-headed hydra
 12979 | Lair:3   | Killed a six-headed hydra
 13094 | Lair:3   | Noticed a four-headed hydra
 13101 | Lair:3   | Killed a four-headed hydra
 13199 | Lair:3   | Reached skill level 5 in Dodging
 13216 | Lair:3   | Noticed a seven-headed hydra
 13220 | Lair:3   | Killed a seven-headed hydra
 13292 | Lair:3   | Noticed a five-headed hydra
 13300 | Lair:3   | Killed a five-headed hydra
 14010 | Lair:4   | Noticed an eight-headed hydra
 14017 | Lair:4   | Killed an eight-headed hydra
 14140 | Lair:4   | Reached **** piety under Cheibriados
 14141 | Lair:4   | Gained mutation: You have an extremely huge brain. (Int +4)
                  | [demonic ancestry]
 14141 | Lair:4   | Reached XP level 13. HP: 93/103 MP: 16/19
 14676 | Lair:4   | Reached ***** piety under Cheibriados
 14677 | Lair:4   | Reached skill level 10 in Invocations
 14880 | Lair:4   | Reached skill level 10 in Armour
 15269 | D:10     | Killed Sonja
 16263 | D:11     | Found a blossoming altar of Fedhas.
 16669 | D:11     | Found a staircase to the Orcish Mines.
 17114 | Orc:1    | Entered Level 1 of the Orcish Mines
 17114 | Orc:1    | Noticed Erolcha
 17128 | Orc:1    | Killed Erolcha
 17409 | Orc:1    | Found a transporter.
 17409 | Orc:1    | Noticed an ettin
 17540 | Orc:1    | Found a transporter.
 17672 | Orc:1    | Found Picsih's General Store.
 17680 | Orc:1    | Bought a scroll of blinking for 120 gold pieces
 17818 | Orc:2    | Entered Level 2 of the Orcish Mines
 17903 | Orc:2    | Noticed an orc warlord
 18131 | Orc:2    | Paralysed by something for 3 turns
 18386 | Orc:2    | Found Fercheohe's Antique Armour Shop.
 18386 | Orc:2    | Found Xaul's Armour Emporium.
 18387 | Orc:2    | Found Zuir Lua's Book Shoppe.
 18387 | Orc:2    | Found Nokk's Weapon Shop.
 18393 | Orc:2    | Gained mutation: A meltable icy envelope protects you from
                  | harm. (AC +0) [demonic ancestry]
 18393 | Orc:2    | Reached XP level 14. HP: 101/110 MP: 21/23
 18420 | Orc:2    | Bought a book of the Dragon for 782 gold pieces
 18420 | Orc:2    | Bought a Necronomicon for 952 gold pieces
 18423 | Orc:2    | Learned a level 2 spell: Blink
 18443 | Orc:2    | Reached skill level 1 in Transmutations
 18496 | Orc:2    | Reached skill level 1 in Translocations
 19164 | D:12     | Identified the +9 dagger of Disarray {antimagic, rPois rN+
                  | Dex+3}
 19178 | D:12     | Reached skill level 5 in Translocations
 19204 | D:12     | Found a portal to a secret trove of treasure.
 20344 | D:13     | Found Ruups's Antique Weapon Emporium.
 21156 | D:13     | Reached skill level 5 in Transmutations
 21442 | D:13     | Reached skill level 1 in Necromancy
 21442 | D:13     | Reached skill level 1 in Earth Magic
 22366 | D:13     | Found a gate to the Vaults.
 23922 | D:15     | Entered Level 15 of the Dungeon
 23922 | D:15     | Found Vuoped's Antique Weapon Emporium.
 24030 | D:15     | Noticed Agnes
 24033 | D:15     | Killed Agnes
 24066 | D:15     | Found a staircase to the Depths.
 24088 | D:15     | Reached skill level 5 in Necromancy
 24104 | D:15     | Gained mutation: A meltable icy envelope protects you from
                  | harm. (AC +0) [demonic ancestry]
 24104 | D:15     | Reached XP level 15. HP: 104/115 MP: 22/24
 24346 | D:15     | Identified the +11 long sword of Fee Simple {freeze, +Blink
                  | rN+ rCorr Int-3}
 24356 | D:15     | Identified the +7 hand axe of Luxury {heavy, rCorr Str+4
                  | Dex+4}
 24364 | D:15     | Noticed Kirke
 24367 | D:15     | Reached skill level 5 in Earth Magic
 24373 | D:15     | Killed Kirke
 24964 | D:15     | Identified the +4 ring mail "Beanupp" {rPois Will- Int+8
                  | Stlth+}
 25416 | Orc:2    | Bought a +2 helmet for 181 gold pieces
 25428 | Orc:2    | Bought a translucent scale mail for 387 gold pieces
 25428 | Orc:2    | Identified the +1 scale mail of the Blind Marksman {rC-
                  | Int+3 Dex+2} (You bought it in a shop on level 2 of the
                  | Orcish Mines)
 25874 | Orc:2    | Found a staircase to the Elven Halls.
 26068 | Lair:5   | Entered Level 5 of the Lair of Beasts
 26205 | Lair:5   | Found a frozen archway.
 26216 | IceCv    | Entered an ice cave
 27750 | Lair:5   | Found a staircase to the Slime Pits.
 27752 | Lair:5   | Found a viscous altar of Jiyva.
 28043 | Lair:5   | Reached skill level 10 in Necromancy
 28394 | Lair:5   | Found a runed translucent door.
 28646 | Lair:5   | Reached skill level 1 in Spellcasting
 28726 | Lair:5   | Identified the +5 short sword "Osomie Yxank" {heavy, SInv}
 29045 | Snake:1  | Entered Level 1 of the Snake Pit
 29173 | Snake:1  | Gained mutation: You are robust. (+10% HP) [demonic
                  | ancestry]
 29173 | Snake:1  | Reached XP level 16. HP: 105/134 MP: 20/25
 29660 | Snake:1  | Learned a level 9 spell: Dragon's Call
 29975 | Snake:1  | Reached skill level 1 in Summonings
 30195 | Snake:1  | Found Itasaxu's Armour Emporium.
 30197 | Snake:1  | Found Xuarr's General Store.
 30200 | Snake:1  | Found Qelory's Antique Weapon Emporium.
 30936 | Snake:1  | Found Laill's Neck Hole.
 30953 | Snake:1  | Bought an amulet of regeneration for 480 gold pieces
 30953 | Snake:1  | Bought a scarf of repulsion for 192 gold pieces
 31124 | Snake:1  | You fall into a shaft and drop 1 floor!
 31124 | Snake:2  | Found Zuusch's Assorted Antiques.
 31264 | Snake:2  | Identified the +2 falchion of Reapportionment {protect, rC-
                  | Int+5}
 31320 | Snake:2  | Found Yqieseas's Weapon Boutique.
 31515 | Snake:2  | Found Vaergh's Assorted Antiques.
 31537 | Snake:2  | Found Ocwook's Magic Scroll Emporium.
 31546 | Snake:2  | Bought a scroll of teleportation for 60 gold pieces
 31546 | Snake:2  | Bought a scroll of teleportation for 60 gold pieces
 31708 | Snake:2  | Found a runed translucent gate.
 31708 | Snake:2  | Found a runed translucent gate.
 31708 | Snake:2  | Found a runed translucent gate.
 31711 | Snake:2  | Noticed Ezowk's ghost (adept MiFi)
 31811 | Snake:2  | Found Byuzicos's Armour Emporium.
 31970 | Snake:2  | Learned a level 4 spell: Manifold Assault
 32709 | Snake:3  | Noticed Aizul
 32730 | Snake:3  | Banished Aizul
 32962 | Snake:3  | Noticed Vashnia
 33238 | Snake:3  | Banished Vashnia
 33663 | Snake:3  | Found a runed translucent gate.
 33664 | Snake:3  | Found a runed translucent gate.
 33664 | Snake:3  | Found a runed translucent gate.
 33666 | Snake:3  | Noticed Newt's ghost (journeyman DsGl)
 33959 | Snake:4  | Entered Level 4 of the Snake Pit
 34637 | Snake:4  | Reached ****** piety under Cheibriados
 34719 | Snake:4  | Reached skill level 10 in Translocations
 34827 | Snake:4  | Reached XP level 17. HP: 101/143 MP: 5/26
 35028 | Snake:4  | Killed from afar by a salamander tyrant

Illustrated notes

Levels and vault maps discovered:
D:1:      lightli_arrival_isolated_outpost, layout_rooms
D:2:      layout_basic, serial_aquarium, aquarium_bridge_long_separate
          [aquarium_subvault_bridge, aquarium_subvault_balcony,
          aquarium_subvault_balcony, aquarium_subvault_wall,
          aquarium_subvault_bridge, aquarium_subvault_window],
          aquarium_bridge_square [aquarium_subvault_window,
          aquarium_subvault_bridge, aquarium_subvault_wall,
          aquarium_subvault_wall], aquarium_window_2, aquarium_window_2,
          aquarium_view_2d, aquarium_view_2b, aquarium_balcony_5b, st_stairs_12,
          wad_orctagon, uniq_natasha
D:3:      layout_basic, hellmonk_ecumenical_altar_the_god_not_taken,
          kennysheep_generic_room_11
D:4:      layout_layer_cave, mainiacjoe_overflow_surrounded_room, zin_purify,
          gup_sewer_entry_bubbles, corexii_shack
D:5:      corexii_shack_village, layout_rooms, serial_bayou,
          serial_bayou_shore_a, serial_bayou_lagoon_b, serial_bayou_pond_a,
          serial_bayou_pond_c, serial_bayou_pond_b, uniq_pikel
D:6:      layout_rooms, mainiacjoe_overflow_alcove_2,
          minmay_temple_entry_stoned_glass, uniq_blork_the_orc, uniq_sigmund
D:7:      layout_loops_ring, serial_shops, nicolae_shop_statue_plus,
          gammafunk_ghost_berserking_beasts, nicolae_benzene_ring,
          hangedman_decor_growths, lightli_minifort
D:8:      minmay_general_purpose_star, layout_basic, trog_ov_bears_minmay,
          kennysheep_generic_room_13
D:9:      layout_basic, lair_entry_dummy
D:10:     layout_rooms, uniq_sonja
D:11:     layout_irregular_city, david_orc_2, nicolae_hexahallways,
          chequers_serial_rivers_small_a, reono_crystal_passage, minivault_5,
          fedhas_altar_fruit_tree
D:12:     minmay_s_stair_smasher, layout_loops_ring, enter_trove_5,
          nrook_mini_vaults
D:13:     layout_layer_cave, david_vaults_5, serial_shops,
          nicolae_shop_overgrown_old_shop
D:14:     layout_layer_cave, hex_medium
D:15:     gammafunk_depths_entry_grave, layout_irregular_city, serial_shops,
          nicolae_shop_overgrown_old_shop, nicolae_kite_square_tiling_tiny,
          uniq_kirke, uniq_agnes
Temple:   mainiacjoe_temple_coin_purse
Lair:1:   layout_chaotic_city, chequers_serial_rivers_large_a,
          grunt_megastairs_5
Lair:2:   layout_hall_layers, guppyfry_snake_entry_garden,
          grunt_forest_large_clearings, serial_bayou_shore_b,
          grunt_megastairs_4, uniq_erica, uniq_amaemon
Lair:3:   layout_cave_pods, minmay_shoals_entry_lonely_mermaid
Lair:4:   layout_cave_shapes, chequers_serial_rivers_small_a
Lair:5:   hangedman_lair_tendril_chambers, layout_regular_city, wormcave,
          slime_entry_1, portal_ice_cave_entry_pillars_1
Snake:1:  layout_basic, nicolae_shop_sticking_my_neck_out, minmay_shop_star,
          nicolae_triple_integral
Snake:2:  layout_onion, gammafunk_ghost_split, serial_shops, shop, shop_statue,
          nicolae_shop_window_shopping, nicolae_shop_bloodbath_and_beyond,
          nicolae_shop_stone
Snake:3:  layout_misc_corridors, ebering_ghost_rock_garden,
          nicolae_snake_linked_coils, uniq_aizul, uniq_vashnia
Snake:4:  grunt_snake_rune_pools, layout_cave_town, drop_trap
Orc:1:    gammafunk_beogh_shrine, layout_caves, serial_shops, shop_statue,
          bh_open_orc_temple, uniq_erolcha
Orc:2:    st_orc_ogre_mass, layout_caves, lemuel_statue_altar, roderic_batcave

Skill      XL: |  1  2  3  4  5  6  7  8  9 10 11 12 13 14 15 16 |
---------------+-------------------------------------------------+-----
Staves         | 3 4 5 6 8 9 11 13 14 | 14.0
Armour         | 2 3 4 5 6 8 9 10 | 10.5
Dodging        | 2 3 5 8 9 |  9.5
Fighting       | 3 4 5 6 7 8 9 10 | 10.8
Invocations    | 8 13 | 13.0
Transmutations | 5 |  5.0
Translocations | 6 10 | 10.3
Necromancy     | 5 10 | 10.0
Earth Magic    | 4 9 |  9.0
Spellcasting   | 2 4 |  4.0
Summonings     | 4 |  4.4
Ranged Weapons | |  1.0

Action                     |  1- 3 |  4- 6 |  7- 9 | 10-12 | 13-15 | 16-18 || total
---------------------------+-------+-------+-------+-------+-------+-------++-------
  Melee: Quarterstaff      |    92 |   110 |   158 |   461 |   557 |       ||  1378
         Kick              |    17 |    25 |    55 |   177 |   435 |    92 ||   801
         Lajatang          |       |       |       |       |   407 |   453 ||   860
         Unarmed           |       |       |       |       |     8 |       ||     8
  Throw: Stone             |     3 |     1 |       |     2 |     7 |       ||    13
         Dart              |       |     2 |       |     3 |       |       ||     5
         Throwing net      |       |     1 |       |     1 |       |       ||     2
         Boomerang         |       |       |       |       |       |     1 ||     1
   Cast: Wereblood         |       |       |       |       |     1 |       ||     1
         Manifold Assault  |       |       |       |       |       |   158 ||   158
         Borgnjor's Vile C |       |       |       |       |       |     2 ||     2
 Invoke: Slouch            |       |       |       |       |    18 |     3 ||    21
  Evoke: Wand              |       |       |       |    11 |    22 |       ||    33
    Use: Potion            |     1 |       |       |     6 |     4 |     2 ||    13
         Scroll            |     5 |     9 |     3 |     9 |     7 |     3 ||    36
   Stab: Distracted        |       |       |     1 |     3 |    17 |       ||    21
         Betrayed ally     |       |       |       |     2 |       |       ||     2
         Held in net/web   |       |       |       |     1 |       |       ||     1
 Armour: Leather armour    |    32 |       |       |       |       |       ||    32
         Scale mail        |     3 |    42 |    12 |       |   125 |    60 ||   242
         Chain mail        |       |       |    50 |   170 |   224 |       ||   444
         Quicksilver drago |       |       |       |       |       |    57 ||    57
  Dodge: Dodged            |    50 |    54 |    70 |   188 |   588 |   329 ||  1279
         Repelled          |       |       |       |       |       |    27 ||    27
  Block: Other             |       |       |       |    53 |   138 |    65 ||   256

Table legend: (Time is in decaauts)
 A = Elapsed time spent in this place.
 B = Non-inter-level travel time spent in this place.
 C = Inter-level travel time spent in this place.
 D = Time resting spent in this place.
 E = Time spent auto-exploring this place.
 F = Levels seen in this place.
 G = Mean time per level.
                   A        B        C        D        E       F      G
               +--------+--------+--------+--------+--------+-----+--------+
         Total |  45011 |  42352 |   2659 |   3533 |  32560 |  29 | 1552.1 |
       Dungeon |  21894 |  20660 |   1234 |   1247 |  16598 |  15 | 1459.6 |
        Temple |    142 |     98 |     44 |      0 |     80 |   1 |  142.0 |
          Lair |  10219 |   9389 |    830 |    559 |   7555 |   5 | 2043.8 |
     Snake Pit |   8251 |   7958 |    293 |   1268 |   5485 |   4 | 2062.8 |
  Orcish Mines |   3104 |   2847 |    257 |    315 |   1969 |   2 | 1552.0 |
         Sewer |    334 |    334 |      0 |      0 |    167 |   1 |  334.0 |
      Ice Cave |   1065 |   1065 |      0 |    143 |    703 |   1 | 1065.0 |
               +--------+--------+--------+--------+--------+-----+--------+

Top non-repeatable levels by time:
    D:13: 3226 daAuts
 Snake:1: 3039 daAuts
  Lair:5: 2898 daAuts
 Snake:3: 2422 daAuts
    D:14: 2374 daAuts
    D:11: 2264 daAuts
  Lair:3: 2102 daAuts
  Lair:2: 1946 daAuts
 Snake:2: 1889 daAuts
    D:12: 1777 daAuts
    D:15: 1754 daAuts
   Orc:2: 1676 daAuts
  Lair:4: 1636 daAuts
  Lair:1: 1636 daAuts
     D:9: 1495 daAuts
